 Dungeon Crawl Stone Soup version 0.31-a0-229-g1fc7ce93e2 (webtiles) character file.

Game seed: 7561866328431279228

65 pokeman the Magician (level 3, -7/20 HPs)
             Began as a Deep Elf Hedge Wizard on July 6, 2023.
             Killed by nerve-wracking pain
             ... invoked by an orc priest
              (13 damage)
             ... on level 2 of the Dungeon.
             The game lasted 00:05:04 (2222 turns).

pokeman the Magician (Deep Elf Hedge Wizard)        Turns: 2222, Time: 00:05:04

Health: -7/20      AC:  3    Str:  7    XL:     3   Next: 92%
Magic:  3/11       EV: 12    Int: 20    God:
Gold:   75         SH:  0    Dex: 14    Spells: 4/12 levels left

rFire   . . .        f - +4 dagger
rCold   . . .        (no shield)
rNeg    . . .        b - +0 robe
rPois   .            c - +0 hat
rElec   .            (no cloak)
rCorr   .            (no gloves)
SInv    .            g - +0 pair of boots
Will    .....        (no amulet)
Stlth   ++           (no ring)
HPRegen 0.23/turn    (no ring)
MPRegen 0.12/turn

%: no passive effects
@: on blink cooldown
A: no striking features
a: no special abilities


You were on level 2 of the Dungeon.
You visited 1 branch of the dungeon, and saw 3 of its levels.

You collected 75 gold pieces.

Inventory:

Hand Weapons
 f - a +4 dagger (weapon)
 h - a +1 whip of pain
Armour
 b - a +0 robe (worn)
 c - a +0 hat (worn)
 g - a +0 pair of boots (worn)
 j - a +0 ring mail of cold resistance
Scrolls
 a - a scroll of enchant weapon {unknown}
 e - a scroll of enchant armour {unknown}
 i - a scroll of teleportation {unknown}
 k - a scroll of identify {unknown}
 n - a scroll of butterflies {unknown}
Potions
 d - a potion of magic
 l - a potion of curing {unknown}
 m - 2 potions of brilliance {unknown}


   Skills:
 - Level 1.0 Fighting
 - Level 1.0 Armour
 + Level 2.6 Dodging
 + Level 2.6 Stealth
 * Level 5.4 Spellcasting
 + Level 2.0 Conjurations
 - Level 1.1 Summonings
 - Level 1.1 Translocations


You had 4 spell levels left.
You knew the following spells:

 Your Spells              Type           Power      Damage    Failure   Level
a - Magic Dart            Conj           52%        1d5       4%          1
b - Mephitic Cloud        Conj/Pois/Air  8%         N/A       26%         3
c - Call Imp              Summ           18%        N/A       11%         2
d - Blink                 Tloc           18%        N/A       11%         2

Your spell library contained the following spells:

 Spells                   Type           Power      Damage    Failure   Level
 Slow                     Hex            20%        N/A       11%         1
 Cigotuvi's Dreadful Rot  Necr/Pois/Air  10%        N/A       17%         2
 Ensorcelled Hibernation  Hex/Ice        10%        N/A       17%         2
 Passwall                 Tmut/Erth      4%         N/A       17%         2
 Summon Guardian Golem    Hex/Summ       7%         N/A       26%         3
 Swiftness                Air            5%         N/A       32%         3
 Orb of Destruction       Conj           6%         9d6       100%        7
 Spellforged Servitor     Conj/Summ      5%         N/A       100%        7


Dungeon Overview and Level Annotations

Branches:
Dungeon (3/15)

Altars:


Message History

Found a stone staircase leading down and a stone staircase leading up.
There is a stone staircase leading up here.
The bat hits you but does no damage.
The orc priest hits you with a +0 dagger.
The orc barely misses you. x2
You climb upwards.
There is a stone staircase leading down here.
Unknown command.
Unknown command.
Casting: Magic Dart (safe; 4% risk of failure)
Confirm with . or Enter, or press ? or * to list all spells.
You blink.
The orc priest invokes the aid of Beogh against you.
Beogh smites you!
Ouch! That really hurt!
* * * LOW HITPOINT WARNING * * *
Casting: Blink (safe; 11% risk of failure)
Confirm with . or Enter, or press ? or * to list all spells.
The spell is extremely dangerous to miscast (26% risk of failure)!
Continue anyway?
Aiming: Mephitic Cloud (extremely dangerous; 26% risk of failure)
Press: ? - help, Shift-Dir - straight line The ball explodes into a vile cloud!
The stinking cloud engulfs the orc priest but does no damage.
Unknown command.
Casting: Mephitic Cloud (extremely dangerous; 26% risk of failure)
Confirm with . or Enter, or press ? or * to list all spells.
The spell is extremely dangerous to miscast (26% risk of failure)!
Continue anyway?
Aiming: Mephitic Cloud (extremely dangerous; 26% risk of failure)
Press: ? - help, Shift-Dir - straight line, f - orc priest
Aim: an orc priest, wielding a +0 dagger (chance to affect: 86%)
The ball explodes into a vile cloud!
The stinking cloud engulfs the orc priest but does no damage.
The orc priest is engulfed in noxious fumes.
Unknown command.
Unknown command.
The orc priest is engulfed in noxious fumes.
The orc priest calls down the wrath of Beogh upon you.
Pain shoots through your body!
Ouch! That really hurt!
You die...

#...................## #
#....................###
#.......)..............###
##...>...)..........##....
##.o○○○............######
####°○###..........###
##○o####......##...##
#....#############..#
#.##.@.)......# ##.##
#.##.......)..# #...
#.##..........#######.
#.##.......>........##
##.##..........#####)..
#..##..........# ####..
#..##..........# #....#
##.###.........# #.####
#..##..##########.# #.


You could see an orc priest and an orc.

Vanquished Creatures
  An adder (D:2)
  A worm (D:2)
  3 dart slugs
  6 bats
  3 endoplasms
  3 giant cockroaches
  6 goblins
  4 hobgoblins
  3 jackals (D:1)
  2 quokkas (D:1)
  3 ball pythons (D:1)
  2 frilled lizards (D:2)
  3 kobolds
  4 rats (D:2)
44 creatures vanquished.

Notes
Turn   | Place    | Note
-------+----------+-------------------------------------------
     0 | D:1      | pokeman the Deep Elf Hedge Wizard began the quest for the
                  | Orb.
     0 | D:1      | Reached XP level 1. HP: 10/10 MP: 7/7
   262 | D:1      | Reached XP level 2. HP: 16/16 MP: 5/9
   837 | D:1      | Reached skill level 5 in Spellcasting
  1034 | D:1      | Reached XP level 3. HP: 20/20 MP: 8/11
  1388 | D:2      | Learned a level 3 spell: Mephitic Cloud
  1391 | D:2      | Learned a level 2 spell: Call Imp
  1394 | D:2      | Learned a level 2 spell: Blink
  1634 | D:2      | Reached skill level 1 in Armour
  1730 | D:2      | Reached skill level 1 in Fighting
  2222 | D:2      | Killed from afar by an orc priest

Illustrated notes

Levels and vault maps discovered:
D:1:      dreamdust_arrival_sigmund_warning, layout_basic, st_stairs_10,
          amethyst_killhole, minivault_25
D:2:      layout_rooms
D:3:      layout_loops_corners

Skill      XL: |  1  2  3 |
---------------+----------+-----
Spellcasting   | 5 |  5.4
Armour         | 1 |  1.0
Fighting       | 1 |  1.0
Conjurations   | 2 |  2.0
Dodging        | |  2.6
Stealth        | |  2.6
Summonings     | |  1.1
Translocations | |  1.1

Action                     || total
---------------------------++-------
  Melee: Dagger            ||    33
         Punch             ||     1
   Cast: Magic Dart        ||   106
         Mephitic Cloud    ||     4
         Blink             ||     1
   Stab: Confused          ||     1
 Armour: Robe              ||    11
  Dodge: Dodged            ||    37

Table legend: (Time is in decaauts)
 A = Elapsed time spent in this place.
 B = Non-inter-level travel time spent in this place.
 C = Inter-level travel time spent in this place.
 D = Time resting spent in this place.
 E = Time spent auto-exploring this place.
 F = Levels seen in this place.
 G = Mean time per level.
                   A        B        C        D        E       F      G
               +--------+--------+--------+--------+--------+-----+--------+
         Total |   2221 |   2180 |     41 |     65 |   1846 |   3 |  740.3 |
       Dungeon |   2221 |   2180 |     41 |     65 |   1846 |   3 |  740.3 |
               +--------+--------+--------+--------+--------+-----+--------+

Top non-repeatable levels by time:
     D:1: 1377 daAuts
     D:2: 842 daAuts
     D:3: 1 daAuts
